 Dungeon Crawl Stone Soup version 0.24-a0-520-g8fd06ad0bc (webtiles) character file.

Game seed: 14995794019433057548

697 Mithandil the Conjurer (level 7, -4/36 HPs)
             Began as a Deep Elf Conjurer on July 26, 2019.
             Was an Initiate of Vehumet.
             Slain by a centaur (7 damage)
             ... on level 5 of the Dungeon on July 27, 2019.
             The game lasted 00:27:25 (6065 turns).

Mithandil the Conjurer (Deep Elf Conjurer)          Turns: 6065, Time: 00:27:26

Health: -4/36      AC:  3    Str:  7    XL:     7   Next: 37%
Magic:  7/18       EV: 13    Int: 20    God:    Vehumet [......]
Gold:   238        SH:  0    Dex: 15    Spells: 7/18 levels left

rFire    . . .     SeeInvis .   a - +2 short sword (drain)
rCold    . . .     Gourm    .   (no shield)
rNeg     . . .     Faith    .   d - +0 leather armour
rPois    +         Spirit   .   (no helmet)
rElec    .         Reflect  .   (no cloak)
rCorr    .         Harm     .   (no gloves)
MR       .....                  (no boots)
Stlth    ++........             q - amulet of rage
HPRegen  0.12/turn              y - ring of poison resistance
MPRegen  0.16/turn              (no ring)

@: no status effects
A: no striking features
a: Renounce Religion, Evoke Berserk Rage


You were on level 5 of the Dungeon.
You worshipped Vehumet.
Vehumet was noncommittal.
You were very hungry.

You visited 2 branches of the dungeon, and saw 6 of its levels.

You collected 238 gold pieces.

Inventory:

Hand Weapons
 a - a +2 short sword of draining (weapon)
 j - a +1 whip of venom
 m - a +0 dagger
Missiles
 f - 74 arrows
 v - 5 boomerangs
 x - a boomerang of dispersal (quivered)
Armour
 d - a +0 leather armour (worn)
Jewellery
 q - an amulet of rage (around neck)
 y - a ring of poison resistance (left hand)
Wands
 u - a wand of polymorph (10)
 A - a wand of enslavement (5)
Scrolls
 b - 2 scrolls of identify
 l - 4 scrolls of remove curse
 t - a scroll of amnesia {unknown}
 w - a scroll of fog {unknown}
 z - a scroll of enchant armour {unknown}
 B - a scroll of teleportation
Potions
 e - a potion of flight {unknown}
 g - a potion of lignification {unknown}
 h - 2 potions of magic {unknown}
 i - a potion of curing {unknown}
 k - a potion of haste {unknown}
 o - 2 potions of agility {unknown}
 s - a potion of heal wounds {unknown}
Comestibles
 c - 8 rations


   Skills:
 * Level 3.7 Short Blades
 + Level 4.1 Dodging
 + Level 4.3 Stealth
 * Level 6.1 Spellcasting
 * Level 6.3 Conjurations


You had 7 spell levels left.
You knew the following spells:

 Your Spells              Type           Power        Failure   Level  Hunger
a - Magic Dart            Conj           ####         1%          1    None
b - Searing Ray           Conj           ####..       1%          2    None
c - Force Lance           Conj/Tloc      ###.....     38%         4    ####...
d - Iskenderun's Mystic   Conj           ####....     12%         4    ####...

Your spell library contained the following spells:

 Spells                   Type           Power        Failure   Level  Hunger
 Dazzling Spray           Conj/Hex       ###...       13%         3    ##.....
 Beastly Appendage        Tmut           #.....       16%         1    None
 Sticks to Snakes         Tmut           #.......     24%         2    None
 Fulminant Prism          Conj/Hex       ###.......   38%         4    ####...
 Spider Form              Tmut/Pois      #.........   43%         3    ##.....
 Ice Form                 Ice/Tmut       #.......     83%         4    ####...
 Blade Hands              Tmut           #.........   99%         5    #####..


Dungeon Overview and Level Annotations

Branches:
Dungeon (5/15)             Temple (1/1) D:4

Altars:
Cheibriados
Dithmenos
Fedhas
Hepliaklqana
Makhleb
Nemelex Xobeh
Okawaru
Trog
Vehumet
Wu Jian
Yredelemnul
Zin

Shops:
D:4 }

Annotations:
D:3 exclusion: downstairs


Message History

The centaur barely misses you. The centaur hits you.
Casting: Magic Dart (safe; 1% risk of failure)
Confirm with . or Enter, or press ? or * to list all spells.
Aiming: Magic Dart (safe; 1% risk of failure)
Press: ? - help, Shift-Dir - straight line, f/p - centaur
Aim: a centaur (almost dead)
The magic dart hits the centaur.
The centaur is almost dead.
The centaur hits you!
* * * LOW HITPOINT WARNING * * *
Casting: Magic Dart (safe; 1% risk of failure)
Confirm with . or Enter, or press ? or * to list all spells.
Aiming: Magic Dart (safe; 1% risk of failure)
Press: ? - help, Shift-Dir - straight line, f/p - centaur
Aim: a centaur (almost dead)
The magic dart hits the centaur but does no damage.
The centaur is almost dead.
The centaur hits you but does no damage.
The centaur hits you!
You die...

### .## #.. ..
#.##.# ###.... #
.....# .# #...##
.# # #.c..##.#
#.###.###@......##
......%.(........+
..###.###(#...####
# #.#.<##
.......## ####.###
#.# #.# #.#


You could see a centaur.

Vanquished Creatures
  A scorpion (D:3)
  5 orc priests (D:3)
  8 orc wizards
  2 bullfrog skeletons
  2 worker ants
  A hound skeleton (D:4)
  4 adders
  3 worms
  3 dart slugs
  4 leopard geckos
  19 orcs
  4 giant cockroaches
  6 goblins
  8 hobgoblins
  11 jackals
  7 kobolds
  3 quokkas
  10 bats
  3 frilled lizards
  A jackal skeleton (D:4)
  6 rats
111 creatures vanquished.

Notes
Turn   | Place    | Note
-------+----------+-------------------------------------------
     0 | D:1      | Mithandil the Deep Elf Conjurer began the quest for the
                  | Orb.
     0 | D:1      | Reached XP level 1. HP: 10/10 MP: 6/6
   241 | D:1      | Reached XP level 2. HP: 15/15 MP: 5/8
   245 | D:1      | Learned a level 2 spell: Searing Ray
  1067 | D:3      | Reached XP level 3. HP: 19/19 MP: 5/10
  1098 | D:4      | Found Gura's Gadget Shop.
  1155 | D:2      | Reached skill level 1 in Short Blades
  1354 | D:2      | Found a sparkling altar of Nemelex Xobeh.
  2132 | D:3      | Reached XP level 4. HP: 24/24 MP: 8/12
  2138 | D:3      | Learned a level 4 spell: Force Lance
  2143 | D:3      | Learned a level 4 spell: Iskenderun's Mystic Blast
  2152 | D:3      | HP: 1/24 [worker ant (8)]
  2153 | D:3      | Reached skill level 5 in Conjurations
  2961 | D:3      | Reached XP level 5. HP: 28/28 MP: 2/13
  3991 | D:3      | Reached skill level 5 in Spellcasting
  3991 | D:3      | Reached XP level 6. HP: 18/32 MP: 15/15
  5061 | D:5      | Entered Level 5 of the Dungeon
  5122 | D:4      | Reached XP level 7. HP: 36/36 MP: 11/17
  5776 | D:4      | Found a staircase to the Ecumenical Temple.
  5782 | Temple   | Entered the Ecumenical Temple
  5873 | Temple   | Became a worshipper of Vehumet
  6065 | D:5      | Slain by a centaur

Levels and vault maps discovered:
D:1:      dpeg_arrival_court, layout_basic, minmay_heptomino_o4
D:2:      layout_basic, nemelex_xobeh_ov_fountains_minmay, dk_noncrumbling_4
D:3:      layout_basic
D:4:      layout_rooms, minmay_temple_entry_butterflies, first_ration,
          serial_shops, nicolae_shop_crystal, glass_columns_a
D:5:      layout_loops_corners, ashenzari_conservatory_becter,
          uniq_crazy_yiuf_cottage, uniq_eustachio
Temple:   minmay_temple_curvy_loop

Skill      XL: |  1  2  3  4  5  6  7 |
---------------+----------------------+-----
Short Blades   | 1 2 3 |  3.7
Spellcasting   | 4 5 6 |  6.1
Dodging        | 3 4 |  4.1
Stealth        | 3 4 |  4.3
Conjurations   | 5 6 |  6.3

Action                   |  1- 3 |  4- 6 |  7- 9 || total
-------------------------+-------+-------+-------++-------
Melee: Short sword       |     5 |    49 |     2 ||    56
 Cast: Magic Dart        |    89 |    72 |    34 ||   195
       Searing Ray       |       |    14 |     5 ||    19
       Iskenderun's Myst |       |     2 |       ||     2
  Use: Scroll            |       |     4 |     2 ||     6
  Eat: Chunk             |     3 |    10 |     2 ||    15
Armor: Robe              |     2 |     6 |       ||     8
       Leather armour    |       |     9 |    15 ||    24
Dodge: Dodged            |     4 |    71 |    61 ||   136

Table legend:
 A = Non-vault XP
 B = Vault XP
 C = Vault XP percentage of total XP
 D = Non-vault monster count
 E = Vault monster count
 F = Vault count percentage of total count
                 A         B        C        D         E       F
            +---------+---------+-------+---------+---------+-------
      Total |     990 |       6 |   0.6 |     109 |       2 |   1.8
            +---------+---------+-------+---------+---------+-------
        D:1 |      22 |       6 |  21.4 |      14 |       2 |  12.5
        D:2 |      92 |       0 |   0.0 |      31 |       0 |   0.0
        D:3 |     586 |       0 |   0.0 |      44 |       0 |   0.0
        D:4 |     250 |       0 |   0.0 |      19 |       0 |   0.0
        D:5 |      40 |       0 |   0.0 |       1 |       0 |   0.0
            +---------+---------+-------+---------+---------+-------
